 Dungeon Crawl Stone Soup version 0.25-a0-398-g1920f1ac21 (webtiles) character file.

Game seed: 8163409736339375196, levelgen mode: deterministic

436 MordorOrchid the Digger (level 7, -7/45 HPs)
             Began as an Octopode Earth Elementalist on Jan 8, 2020.
             Mangled by a hornet (8 damage)
             ... on level 4 of the Dungeon.
             The game lasted 00:13:59 (3332 turns).

MordorOrchid the Digger (OpEE)                      Turns: 3332, Time: 00:13:59

Health: -7/45      AC:  1    Str:  9    XL:     7   Next: 1%
Magic:  6/12       EV: 11    Int: 20    God:
Gold:   230        SH:  0    Dex: 12    Spells: 3/13 levels left

rFire    . . .     SeeInvis .   y - +2 short sword (drain)
rCold    . . .     Gourm    .   (no shield)
rNeg     . . .     Faith    .   (helmet restricted)
rPois    .         Spirit   .   (no amulet)
rElec    .         Reflect  .   d - ring of resist corrosion
rCorr    +         Harm     .   C - +2 ring of strength
MR       .....                  (no ring)
Stlth    +++.......             (no ring)
HPRegen  0.15/turn              (no ring)
MPRegen  0.13/turn              (no ring)
                                (no ring)
                                (no ring)

@: slowed, constricted, very slow
A: almost no armour, stealthy swim, amphibious, 8 rings, constrict 8, camouflage
1, gelatinous body 1
a: no special abilities


You were on level 4 of the Dungeon.
You were not hungry.

You visited 1 branch of the dungeon, and saw 4 of its levels.

You collected 230 gold pieces.

Inventory:

Hand Weapons
 a - a +1 dagger of venom
 g - a +0 dagger
 h - a +0 club
 j - a +0 hunting sling
 y - a +2 short sword of draining (weapon)
 D - a +2 dagger of protection
Missiles
 l - 50 arrows
 r - 8 atropa-tipped darts (quivered)
 t - 50 stones
 z - 17 sling bullets
Magical Staves
 x - an uncursed staff of cold
Jewellery
 d - a ring of resist corrosion (left tentacle)
 C - a +2 ring of strength (right tentacle)
Scrolls
 e - a scroll of noise {unknown}
 f - a scroll of teleportation {unknown}
 i - 4 scrolls of remove curse
 k - a scroll of blinking {unknown}
 o - a scroll of magic mapping
 q - a scroll of enchant armour {unknown}
 v - 3 scrolls of amnesia {unknown}
 A - a scroll of fog {unknown}
Potions
 b - 2 potions of heal wounds {unknown}
 m - a potion of agility {unknown}
 n - a potion of cancellation {unknown}
 p - a potion of curing
 s - a potion of flight {unknown}
 u - a potion of haste {unknown}
 B - a potion of brilliance {unknown}
Comestibles
 c - 9 rations
 w - 14 chunks of flesh


   Skills:
 - Level 2.0 Fighting
 * Level 3.3 Dodging
 - Level 3.0 Stealth
 + Level 3.8 Spellcasting
 * Level 2.1 Conjurations
 * Level 1.4 Transmutations
 + Level 4.7 Earth Magic


You had 3 spell levels left.
You knew the following spells:

 Your Spells              Type           Power        Failure   Level  Hunger
a - Sandblast             Erth           ###...       1%          1    None
d - Petrify               Tmut/Erth      ###.....     36%         4    ####...
f - Stone Arrow           Conj/Erth      ###...       10%         3    ###....
w - Passwall              Tmut/Erth      ###.....     5%          2    ##.....

Your spell library contained the following spells:

 Spells                   Type           Power        Failure   Level  Hunger
 Lee's Rapid Deconstruct  Erth           ###.......   45%         5    ######.


Dungeon Overview and Level Annotations

Branches:
Dungeon (4/15)
 Temple: D:4-7

Altars:
Elyvilon
Fedhas


Innate Abilities, Weirdness & Mutations

You cannot wear most types of armour.
You are very stealthy in the water. (Stealth+)
You are amphibious.
You can wear up to eight rings at the same time.
You can use your tentacles to constrict eight enemies at once.
Your skin changes colour to match your surroundings (Stealth+).
Your rubbery body absorbs attacks. (AC +1, EV +1)


Message History

* * * LOW HITPOINT WARNING * * *
The ball python constricts you. The hornet closely misses you.
The scorpion stings you.
* * * LOW HITPOINT WARNING * * *
You are more poisoned.
The scorpion poisons you! The ball python bites you.
* * * LOW HITPOINT WARNING * * *
The ball python constricts you. The hornet closely misses you.
Unknown command.
Unknown command.
Unknown command.
It was a potion of curing.
You feel better.
You constrict the hornet. The scorpion stings you.
* * * LOW HITPOINT WARNING * * *
The hornet barely misses you. The ball python barely misses you.
* * * LOW HITPOINT WARNING * * *
The ball python constricts you. The scorpion stings you!
* * * LOW HITPOINT WARNING * * *
The hornet stings you!
You die...

#. #.........# #. #.
#####†..#.# # #. #.
#...#.# ..#..#. ###.#.#
.....#.##### ###.#.#
...........# #......
....#...##.#######......
......S.................
.....[y@...#########.#.#
......s.................
.....................#..
....[..#################
....... #######


You could see a hornet, a scorpion and a ball python.

Vanquished Creatures
  Sigmund (D:2)
  A howler monkey (D:4)
  An orc priest (D:4)
  Terence (D:1)
  Robin (D:2)
  3 gnolls (D:2)
  6 adders
  An adder skeleton (D:4)
  A worm (D:1)
  4 dart slugs
  3 leopard geckos
  4 orcs
  5 bats
  A giant cockroach (D:1)
  11 goblins
  7 hobgoblins
  6 jackals
  A ball python (D:2)
  9 frilled lizards
  7 kobolds
  9 rats
83 creatures vanquished.

Vanquished Creatures (others)
  A quokka (D:2)
  A kobold (D:2)
2 creatures vanquished.

Grand Total: 85 creatures vanquished

Notes
Turn   | Place    | Note
-------+----------+-------------------------------------------
     0 | D:1      | MordorOrchid the Octopode Earth Elementalist began the
                  | quest for the Orb.
     0 | D:1      | Reached XP level 1. HP: 11/11 MP: 3/3
   440 | D:1      | Reached XP level 2. HP: 17/17 MP: 3/5
   444 | D:1      | Learned a level 2 spell: Passwall
   750 | D:1      | Reached XP level 3. HP: 18/22 MP: 4/6
   785 | D:1      | Learned a level 3 spell: Stone Arrow
   854 | D:2      | Noticed Robin
  1419 | D:2      | Reached skill level 1 in Fighting
  1419 | D:2      | Reached XP level 4. HP: 28/28 MP: 0/7
  1426 | D:2      | Noticed Sigmund
  1515 | D:2      | Killed Sigmund
  1515 | D:2      | Reached skill level 1 in Conjurations
  1515 | D:2      | Reached skill level 4 in Earth Magic
  1515 | D:2      | Reached XP level 5. HP: 17/34 MP: 5/9
  1515 | D:2      | Reached XP level 6. HP: 19/39 MP: 5/10
  1521 | D:2      | Noticed Terence
  1565 | D:1      | Killed Terence
  1805 | D:2      | Killed Robin
  2052 | D:2      | Found a white marble altar of Elyvilon.
  2419 | D:2      | You fall into a shaft and drop 1 floor!
  2614 | D:2      | Found a blossoming altar of Fedhas.
  2716 | D:3      | Learned a level 4 spell: Petrify
  3270 | D:4      | Reached XP level 7. HP: 41/45 MP: 3/12
  3315 | D:4      | Noticed a hornet
  3332 | D:4      | HP: 1/45 [scorpion (8)]
  3332 | D:4      | Mangled by a hornet

Levels and vault maps discovered:
D:1:      minmay_arrival_nine_rooms, layout_rooms
D:2:      layout_rooms, elyvilon_altar_4, fedhas_altar_fruit_tree, uniq_terence,
          uniq_robin, uniq_sigmund
D:3:      layout_basic
D:4:      layout_basic, cheibriados_altar_1, small_statue_intersection

Skill      XL: |  1  2  3  4  5  6 |
---------------+-------------------+-----
Stealth        | 3 |  3.0
Fighting       | 1 2 |  2.0
Spellcasting   | 3 |  3.8
Conjurations   | 1 2 |  2.1
Earth Magic    | 4 |  4.7
Dodging        | 3 |  3.3
Transmutations | |  1.4

Action                   |  1- 3 |  4- 6 |  7- 9 || total
-------------------------+-------+-------+-------++-------
Melee: Club              |     5 |       |       ||     5
       Constrict         |     9 |    11 |     2 ||    22
       Unarmed           |     2 |       |       ||     2
       Dagger            |    22 |    32 |       ||    54
       Tentacles         |     4 |    12 |     3 ||    19
       Short sword       |       |    18 |    13 ||    31
Throw: Stone             |     4 |       |       ||     4
       Dart              |     2 |     8 |       ||    10
 Cast: Sandblast         |    38 |    31 |     3 ||    72
       Stone Arrow       |       |    10 |       ||    10
       Petrify           |       |     1 |     1 ||     2
  Use: Scroll            |     1 |     3 |       ||     4
       Potion            |       |       |     1 ||     1
 Stab: Sleeping          |     3 |     7 |       ||    10
       Petrified         |       |       |     7 ||     7
  Eat: Chunk             |     1 |     8 |       ||     9
Armor: Skin              |     9 |     3 |       ||    12
Dodge: Dodged            |    37 |    55 |    14 ||   106

Table legend:
 A = Non-vault XP
 B = Vault XP
 C = Vault XP percentage of total XP
 D = Non-vault monster count
 E = Vault monster count
 F = Vault count percentage of total count
                 A         B        C        D         E       F
            +---------+---------+-------+---------+---------+-------
      Total |     342 |     281 |  45.1 |      74 |       9 |  10.8
            +---------+---------+-------+---------+---------+-------
        D:1 |      50 |      37 |  42.5 |      26 |       2 |   7.1
        D:2 |     108 |     244 |  69.3 |      23 |       7 |  23.3
        D:3 |      68 |       0 |   0.0 |      18 |       0 |   0.0
        D:4 |     116 |       0 |   0.0 |       7 |       0 |   0.0
            +---------+---------+-------+---------+---------+-------
